 Dungeon Crawl Stone Soup version 0.25.0-15-gac7dcb8919 (webtiles) character file.

Game seed: 17359912720084074104

163 MaCx the Digger (level 5, -4/28 HPs)
             Began as a Gargoyle Earth Elementalist on June 29, 2020.
             Killed by nerve-wracking pain
             ... invoked by an orc priest
              (6 damage)
             ... on level 3 of the Dungeon.
             The game lasted 00:08:26 (3147 turns).

MaCx the Digger (Gargoyle Earth Elementalist)       Turns: 3147, Time: 00:08:27

Health: -4/28      AC:  6    Str: 11    XL:     5   Next: 44%
Magic:  0/9        EV: 12    Int: 17    God:
Gold:   56         SH:  0    Dex: 10    Spells: 6/10 levels left

rFire    + . .     SeeInvis .   n - +0 whip
rCold    + . .     Gourm    .   (no shield)
rNeg     + . .     Faith    .   c - +0 robe
rPois    ∞         Spirit   .   (no helmet)
rElec    +         Reflect  .   a - scarf {rC+ rF+}
rCorr    .         Harm     .   (no gloves)
MR       .....                  (no boots)
Stlth    ++........             (no amulet)
HPRegen  0.09/turn              (no ring)
MPRegen  0.11/turn              (no ring)

@: no status effects
A: negative energy resistance 1, electricity resistance, unbreathing,
petrification resistance, rot immunity, AC +4
a: no special abilities


You were on level 3 of the Dungeon.
You were not hungry.

You visited 1 branch of the dungeon, and saw 3 of its levels.

You collected 56 gold pieces.

Inventory:

Hand Weapons
 n - a +0 whip (weapon)
Missiles
 b - 61 stones (quivered)
 p - 6 poisoned darts
Armour
 a - a scarf of resistance (worn)
 c - a +0 robe (worn)
 u - a +0 scale mail of magic resistance
Jewellery
 r - an uncursed ring of magical power {unknown}
Wands
 f - a wand of paralysis (10)
Scrolls
 e - a scroll of teleportation {unknown}
 g - 4 scrolls of identify {unknown}
 j - 4 scrolls of remove curse {unknown}
 k - a scroll of magic mapping {unknown}
 s - a scroll of enchant armour {unknown}
Potions
 h - 2 potions of heal wounds {unknown}
 i - a potion of lignification {unknown}
 l - a potion of haste {unknown}
 m - a potion of experience {unknown}
 q - 2 potions of brilliance {unknown}
 t - a potion of resistance {unknown}
Comestibles
 d - 5 rations
 o - 4 chunks of flesh


   Skills:
 - Level 1.6 Dodging
 - Level 2.2 Stealth
 - Level 0.2 Unarmed Combat
 + Level 3.0 Spellcasting
 * Level 1.4 Conjurations
   Level 0.7 Transmutations
 * Level 6.0 Earth Magic


You had 6 spell levels left.
You knew the following spells:

 Your Spells              Type           Power        Failure   Level  Hunger
a - Sandblast             Erth           ###...       1%          1    None
b - Stone Arrow           Conj/Erth      ###...       11%         3    ###....

Your spell library contained the following spells:

 Spells                   Type           Power        Failure   Level  Hunger
 Passwall                 Tmut/Erth      ##......     7%          2    ##.....
 Lee's Rapid Deconstruct  Erth           ###.......   38%         5    ######.
 Petrify                  Tmut/Erth      ##......     41%         4    ####...


Dungeon Overview and Level Annotations

Branches:
Dungeon (3/15)

Altars:


Innate Abilities, Weirdness & Mutations

You are resistant to torment.
Your stone body is resilient. (AC +4)
You are immune to poison.
You resist negative energy. (rN+)
You are resistant to electric shocks. (rElec)
You can survive without breathing.
You are immune to petrification.
You are immune to rotting.


Message History

Casting: Sandblast (safe; 1% risk of failure)
Confirm with . or Enter, or press ? or * to list all spells.
Aiming: Sandblast (safe; 1% risk of failure)
Press: ? - help, Shift-Dir - straight line, f/p - orc priest
Aim: an orc priest, wearing a +0 leather armour (heavily wounded)
The blast of sand hits the orc priest but does no damage.
The orc priest is heavily wounded.
b - 61 stones The orc priest hits you but does no damage.
You closely miss the orc priest.
The orc priest is heavily wounded.
The orc priest invokes the aid of Beogh against you.
Pain shoots through your body!
* * * LOW HITPOINT WARNING * * *
Unknown command.
You barely miss the orc priest.
The orc priest is heavily wounded.
The orc priest invokes the aid of Beogh against you.
Pain shoots through your body!
You die...

#...)...##.##.##.#
#.......##.##.##.#
####.#####.##.##.#
#######.#####.##.##.#
#..........##.##.##.#
.........#.##........
#.##....#.÷### ...#.#
#....##.####...#.§
#........@....# ###
##.#..##o####....
.......).# .
.......### ###... #..
#.. #.


You could see an orc priest.

Vanquished Creatures
  An orc priest (D:3)
  Jessica (D:3)
  Terence (D:3)
  An adder (D:2)
  An ooze (D:3)
  A worm (D:2)
  2 leopard geckos
  2 orcs (D:3)
  9 bats
  2 giant cockroaches
  8 goblins
  4 hobgoblins (D:2)
  9 jackals
  3 kobolds
  A quokka (D:2)
  A ball python (D:2)
  5 frilled lizards
  13 rats
65 creatures vanquished.

Notes
Turn   | Place    | Note
-------+----------+-------------------------------------------
     0 | D:1      | MaCx the Gargoyle Earth Elementalist began the quest for
                  | the Orb.
     0 | D:1      | Reached XP level 1. HP: 10/10 MP: 3/3
    31 | D:1      | Reached skill level 4 in Earth Magic
   241 | D:1      | Reached XP level 2. HP: 15/15 MP: 3/5
  1722 | D:1      | Reached XP level 3. HP: 14/19 MP: 6/6
  1964 | D:2      | Learned a level 3 spell: Stone Arrow
  2395 | D:2      | Reached skill level 5 in Earth Magic
  2395 | D:2      | Reached XP level 4. HP: 24/24 MP: 3/7
  2966 | D:3      | Noticed Jessica
  2995 | D:3      | Killed Jessica
  2995 | D:3      | Reached skill level 1 in Conjurations
  3003 | D:3      | Noticed Terence
  3015 | D:3      | Killed Terence
  3015 | D:3      | Reached XP level 5. HP: 25/28 MP: 0/9
  3123 | D:3      | Reached skill level 6 in Earth Magic
  3147 | D:3      | Killed from afar by an orc priest

Illustrated notes

Levels and vault maps discovered:
D:1:      grunt_arrival_lava_bath, layout_basic, minivault_5,
          hangedman_glass_teeth, minmay_misc_feat_square,
          chequers_serial_rivers_large_a
D:2:      layout_basic
D:3:      layout_loops_cross, corexii_item_surrounded_by_moat, uniq_jessica,
          uniq_terence

Skill      XL: |  1  2  3  4  5 |
---------------+----------------+-----
Earth Magic    | 4 5 6 |  6.0
Conjurations   | 1 |  1.4
Spellcasting   | 3 |  3.0
Dodging        | |  1.6
Stealth        | |  2.2
Unarmed Combat | |  0.2
Transmutations | |  0.7

Action                   |  1- 3 |  4- 6 || total
-------------------------+-------+-------++-------
Melee: Unarmed           |    10 |       ||    10
       Club              |    47 |       ||    47
       Whip              |   105 |    64 ||   169
 Cast: Sandblast         |    17 |    24 ||    41
 Stab: Sleeping          |     1 |     1 ||     2
  Eat: Chunk             |     5 |     3 ||     8
Armor: Robe              |    67 |    26 ||    93
Dodge: Dodged            |   142 |    38 ||   180
